 Dungeon Crawl Stone Soup version 0.17.0-73-gb648821 (webtiles) character file.

46 PriceChild the Digger (level 3, -4/26 HPs)
             Began as a Demigod Earth Elementalist on Dec 9, 2015.
             Slain by a goblin
             ... wielding a +0 mace
              (7 damage)
             ... on level 2 of the Dungeon.
             The game lasted 00:12:37 (1658 turns).

PriceChild the Digger (Demigod Earth Elementalist)  Turns: 1658, Time: 00:12:39

Health: -4/26      AC:  4    Str: 11    XL:     3   Next: 26%
Magic:  1/9        EV: 12    Int: 21    God:
Gold:   74         SH:  0    Dex: 16    Spells: 2 memorised, 4 levels left

rFire  x . .     SeeInvis .     (no weapon)
rCold  + . .     Clarity  .     l - +0 leather armour
rNeg   . . .     SustAt   +     (no shield)
rPois  .         Gourm    .     (no helmet)
rElec  .         Spirit   .     p - +0 cloak
rCorr  .         Warding  .     (no gloves)
rMut   .         Stasis   +     (no boots)
MR     .....                    m - amulet of stasis
Stlth  ++........               (no ring)
                                e - ring of ice

@: very slightly contaminated, not resistant to hostile enchantments, unstealthy
A: high mp 1, sustain attributes
a: no special abilities


You were on level 2 of the Dungeon.
You were not hungry.

You visited 1 branch of the dungeon, and saw 2 of its levels.

You collected 74 gold pieces.

Inventory:

Missiles
 b - 43 stones (quivered)
 n - 22 sling bullets
 o - 7 arrows
Armour
 a - a +0 robe
 j - a +0 robe
 k - a +0 robe
 l - a +0 leather armour (worn)
 p - a +0 cloak (worn)
Jewellery
 e - a ring of ice (left hand)
 m - an amulet of stasis (around neck)
Scrolls
 f - 2 scrolls of remove curse {unknown}
 g - 2 scrolls of teleportation {unknown}
 r - a scroll of enchant armour {unknown}
 s - a scroll of fear {unknown}
 u - a scroll of blinking {unknown}
Potions
 h - a potion of curing {unknown}
 i - a potion of brilliance {unknown}
 t - a potion of agility {unknown}
Books
 c - a book of Geomancy

   Spells                             Type                      Level
   a - Sandblast                      Earth                        1
   b - Stoneskin                      Transmutation/Earth          2
   c - Passwall                       Transmutation/Earth          3
   d - Stone Arrow                    Conjuration/Earth            3
   e - Petrify                        Transmutation/Earth          4
   f - Lee's Rapid Deconstruction     Earth                        5
Comestibles
 d - a bread ration
 q - 4 chunks of flesh


   Skills:
 + Level 0.1 Armour
 + Level 2.1 Dodging
 + Level 1.7 Stealth
 + Level 0.1 Unarmed Combat
 + Level 2.5 Spellcasting
 + Level 0.8 Transmutations
 + Level 3.2 Earth Magic


You had 4 spell levels left.
You knew the following spells:

 Your Spells              Type           Power        Failure   Level  Hunger
a - Sandblast             Erth           ###...       6%          1    None
b - Stoneskin             Trmt/Erth      ##......     14%         2    ##.....


Dungeon Overview and Level Annotations

Branches:
Dungeon (2/15)


Innate Abilities, Weirdness & Mutations

You have an increased reservoir of magic (+10% MP).
Your attributes are resistant to harm.


Message History

Aim: a giant gecko The blast of sand hits the giant gecko.
You kill the giant gecko!
The goblin misses you.
Throwing (i - inventory):
b - 45 stones (quivered)
Press: ? - help, Shift-Dir - straight line, f - goblin
Aim: a goblin, wielding a dagger You throw a stone.
The stone misses the goblin.
The stone barely misses the goblin.
The rat bites you but does no damage. The goblin closely misses you.
Throwing (i - inventory):
b - 44 stones (quivered)
Press: ? - help, Shift-Dir - straight line, f/p - goblin
Aim: a goblin, wielding a dagger You throw a stone.
The stone hits the goblin but does no damage.
The rat bites you but does no damage. The goblin hits you but does no damage.
The goblin unwields an uncursed hunting sling.
The goblin wields an uncursed mace.
The goblin hits you with an uncursed mace!
You die...

#.........<
#.###########..........
.#......................
......#.................
...#.#........#....††.#
#...#........#####...#
#....##.##### ###..
##.....#....# ##.. .
#....@....#.# #...
..##...rgg.#.#... ....
.......g...#.....# #..
....[........##..# ##..
.................#...#...
.................#.P.##..
.......).....#... ...#..#
....#...(........ #.###..
###..#.(.#.#.###. #.# #.#


You could see 3 goblins and a rat.

Vanquished Creatures
  2 adders (D:2)
  2 giant cockroaches
  3 goblins
  4 hobgoblins
  2 kobolds (D:1)
  A quokka (D:2)
  4 bats (D:1)
  2 giant geckos (D:2)
  4 giant newts
  A rat (D:1)
25 creatures vanquished.

Notes
Turn   | Place    | Note
--------------------------------------------------------------
     0 | D:1      | PriceChild the Demigod Earth Elementalist began the quest for the Orb.
     0 | D:1      | Reached XP level 1. HP: 14/14 MP: 5/5
   630 | D:1      | Reached XP level 2. HP: 15/20 MP: 1/7
  1030 | D:1      | Reached skill level 3 in Earth Magic
  1238 | D:2      | Found a white marble altar of Elyvilon.
  1304 | D:2      | Reached XP level 3. HP: 20/26 MP: 3/9
  1430 | D:2      | Learned a level 2 spell: Stoneskin
  1431 | D:2      | Found a blossoming altar of Fedhas.
  1658 | D:2      | Slain by a goblin

Action                   || total
-------------------------++-------
Melee: Unarmed           ||    21
Throw: Stone             ||    15
 Cast: Sandblast         ||    44
       Stoneskin         ||     3
 Stab: Sleeping          ||     1
  Eat: Bread ration      ||     1
